 Dungeon Crawl Stone Soup version 0.24-a0-618-ge4662a2d14 (webtiles) character file.

Game seed: 12573697920657035385, levelgen mode: deterministic

163534 OnionEater the Geomancer (level 17, -5/105 HPs)
             Began as a Gargoyle Earth Elementalist on Sept 14, 2019.
             Was the Champion of Vehumet.
             Slain by a tentacled starspawn (23 damage)
             ... on level 3 of the Abyss on Sept 15, 2019.
             The game lasted 02:12:35 (34724 turns).

OnionEater the Geomancer (GrEE)                    Turns: 34724, Time: 02:12:36

Health: -5/105     AC: 24    Str: 26    XL:     17   Next: 83%
Magic:  1/41       EV: 16    Int: 29    God:    Vehumet [******]
Gold:   2635       SH:  0    Dex: 10    Spells: 12/38 levels left

rFire    + + .     SeeInvis .   V - +8 whip "Snakebite" {curare, rPois}
rCold    + . .     Gourm    +   (no shield)
rNeg     + . .     Faith    .   Y - +0 robe {rF+}
rPois    ∞         Spirit   .   e - +1 helmet {Int+3}
rElec    +         Reflect  .   g - +1 cloak {MR+}
rCorr    +         Harm     .   L - +1 pair of gloves
MR       ++...                  N - +1 pair of boots
Stlth    ++........             p - amulet of the gourmand
HPRegen  0.67/turn              S - ring of magical power
MPRegen  0.27/turn              A - +5 ring of strength

@: mighty, brilliant, resistant, flying, very slightly contaminated, lightly
drained
A: big wings, negative energy resistance 1, sense surroundings 2, regeneration
1, electricity resistance, strong 1, unbreathing, petrification resistance, rot
immunity, AC +12
a: Stop Flying, Renounce Religion


You were on level 3 of the Abyss.
You worshipped Vehumet.
Vehumet was exalted by your worship.
You were full.

You visited 5 branches of the dungeon, and saw 27 of its levels.
You visited the Abyss 1 time.
You also visited: Volcano.

You collected 3189 gold pieces.
You spent 554 gold pieces at shops.

Inventory:

Hand Weapons
 V - the +8 whip "Snakebite" (weapon) {curare, rPois}
   (You found it on level 5 of the Lair of Beasts)

   It poisons the flesh of those it strikes.
   It protects you from poison.
 Z - a +4 morningstar of protection
Missiles
 b - 372 stones (quivered)
Armour
 e - a +1 helmet of intelligence (worn)
 g - a +1 cloak of magic resistance (worn)
 K - a +2 robe of magic resistance
 L - a +1 pair of gloves (worn)
 M - a scarf of cloud immunity
 N - a +1 pair of boots (worn)
 R - a +2 robe of cold resistance
 Y - a +0 robe of fire resistance (worn)
Magical Staves
 C - an uncursed staff of wizardry
 D - an uncursed staff of power
Jewellery
 p - an amulet of the gourmand (around neck)
 A - a +5 ring of strength (right hand)
 Q - an uncursed ring of ice
 S - a ring of magical power (left hand)
 U - an uncursed ring of wizardry
Wands
 c - a wand of paralysis (20)
 s - a wand of disintegration (30)
 t - a wand of flame (75)
 v - a wand of polymorph (10)
 B - a wand of enslavement (5)
 E - a wand of iceblast (6)
 X - a wand of acid (16)
Scrolls
 f - 8 scrolls of teleportation
 o - 14 scrolls of remove curse
 r - a scroll of immolation
 w - 11 scrolls of identify
 x - 4 scrolls of amnesia
 y - 2 scrolls of fog
 G - 3 scrolls of fear
Potions
 a - 6 potions of lignification
 k - 5 potions of might
 l - 9 potions of curing
 m - 6 potions of agility
 n - a potion of magic
 z - 3 potions of brilliance
 H - 2 potions of mutation
 I - 4 potions of cancellation
 J - 3 potions of berserk rage
 P - 4 potions of resistance
Miscellaneous
 q - a phial of floods
 O - a fan of gales
 T - a lightning rod (4/4)
Comestibles
 d - 59 rations
 h - 12 chunks of flesh


   Skills:
 + Level 11.6(11.5) Fighting
 + Level 10.9(10.8) Maces & Flails
 - Level 6.0(5.9) Armour
 + Level 9.4(9.3) Dodging
 - Level 2.1 Stealth
 + Level 11.4(11.3) Spellcasting
 + Level 13.2(13.0) Conjurations
   Level 0.7(0.6) Transmutations
 * Level 12.6(12.5) Fire Magic
 + Level 14.9(14.8) Earth Magic
 - Level 6.0(5.9) Evocations


You had 12 spell levels left.
You knew the following spells:

 Your Spells              Type           Power        Failure   Level  Hunger
a - Sandblast             Erth           ######       0%          1    None
b - Stone Arrow           Conj/Erth      ######       1%          3    None
c - Lee's Rapid Deconstr  Erth           #######...   1%          5    ###....
d - Venom Bolt            Conj/Pois      ######....   1%          5    ###....
e - Iron Shot             Conj/Erth      #######...   1%          6    #####..
f - Bolt of Fire          Conj/Fire      #######...   1%          6    #####..

Your spell library contained the following spells:

 Spells                   Type           Power        Failure   Level  Hunger
 Poison Arrow             Conj/Pois      ######....   4%          6    #####..
 Animate Skeleton         Necr           N/A          1%          1    None
 Apportation              Tloc           ####..       1%          1    None
 Confusing Touch          Hex            ####..       1%          1    None
 Corona                   Hex            ####...      1%          1    None
 Infusion                 Chrm           ####         1%          1    None
 Pain                     Necr           ####         1%          1    None
 Shock                    Conj/Air       ####         1%          1    None
 Blink                    Tloc           N/A          1%          2    None
 Ensorcelled Hibernation  Hex/Ice        ####..       1%          2    None
 Passwall                 Tmut/Erth      ######..     1%          2    None
 Poisonous Vapours        Pois/Air       ####..       1%          2    None
 Shroud of Golubria       Chrm/Tloc      ####..       1%          2    None
 Song of Slaying          Chrm           ####....     1%          2    None
 Swiftness                Chrm/Air       ####....     1%          2    None
 Confuse                  Hex            ####....     1%          3    None
 Conjure Flame            Conj/Fire      #######.     1%          3    None
 Dazzling Spray           Conj/Hex       ######       1%          3    None
 Gell's Gravitas          Tloc           ####......   1%          3    None
 Inner Flame              Hex/Fire       ######..     1%          3    None
 Lesser Beckoning         Tloc           ####......   1%          3    None
 Regeneration             Chrm/Necr      ####......   1%          3    None
 Spectral Weapon          Hex/Chrm       ####....     1%          3    None
 Tukima's Dance           Hex            ####....     1%          3    None
 Vampiric Draining        Necr           ####......   1%          3    None
 Petrify                  Tmut/Erth      ######..     1%          4    None
 Sticky Flame             Conj/Fire      #######.     1%          4    None
 Lightning Bolt           Conj/Air       ######....   1%          5    ###....
 Airstrike                Air            ####......   4%          4    None
 Animate Dead             Necr           N/A          4%          4    None
 Passage of Golubria      Tloc           N/A          4%          4    None
 Metabolic Englaciation   Hex/Ice        ####......   10%         5    ###....
 Yara's Violent Unravell  Hex/Tmut       #####.....   10%         5    ###....
 Freezing Cloud           Conj/Ice/Air   ######....   10%         6    #####..
 Tornado                  Air            ####......   100%        9    #######


Dungeon Overview and Level Annotations

Branches:
Dungeon (15/15)            Temple (1/1) D:5            Lair (6/6) D:9
  Swamp (0/4) Lair:3       Spider (0/4) Lair:2        Slime (0/5) Lair:5
    Orc (2/2) D:10            Elf (3/3) Orc:2        Vaults (0/5) D:14
 Depths (0/5) D:15        Volcano (visited)

Altars:
Ashenzari
Cheibriados
Dithmenos
Elyvilon
Fedhas
Gozag
Hepliaklqana
Kikubaaqudgha
Makhleb
Nemelex Xobeh
Okawaru
Qazlal
Ru
Sif Muna
Trog
Uskayaw
Vehumet
Wu Jian
Xom
Yredelemnul
Zin
The Shining One
Beogh

Shops:
D:4 =   D:11 }   Orc:2 [[(*

Annotations:
D:12 Rupert
Lair:6 exclusion: 2 doors
Elf:2 3 runed translucent doors


Innate Abilities, Weirdness & Mutations

You are resistant to torment.
Your stone body is resilient. (AC +12)
You are immune to poison.
Your large and strong wings let you fly indefinitely.
You resist negative energy. (rN+)
You are resistant to electric shocks. (rElec)
You can survive without breathing.
You are immune to petrification.
You are immune to rotting.
You passively map the area around you.
Your natural rate of healing is unusually fast.
Your muscles are strong. (Str +2)


Message History

You feel your power leaking away.
Deactivating autopickup; reactivate with Ctrl-A.
The tentacled starspawn barely misses you.
The tentacled starspawn engulfs you but does no damage.
Unknown command.
Unknown command.
Unknown command.
Unknown command.
You feel better.
You feel you are being watched by something.
Something hits you but does no damage.
A starcursed mass splits.
The worldbinder calls forth creatures from the Shoals!
The tentacled starspawn misses you. The tentacled starspawn engulfs you!
* * * LOW HITPOINT WARNING * * *
Unknown command.
Really read the scroll of immolation?
As you read the scroll of immolation, it crumbles to dust.
The creatures around you are filled with an inner flame!
Something hits you but does no damage. The tentacled starspawn bites you!!
You die...

.# ## . ...#.#
...###...#.#.##.#.
## #).#... . ..S.
. #....#.
...#...###. #...
###...#
###..####.#...#
#5..## #t.'.∩.#
... .#####'.#...#
. # #. ..#@### ..#
# ....#X# # # .# #
.#.#.##x. . .# #.
#... {X. . ##
#.5..#. XX#..φ# 5
# .##XX.. # .##. .
#... # #.. #
##..#####.. ...
.... ...v.


You could see 5 starcursed masses, a tentacled starspawn (inner flame), an
apocalypse crab (inner flame), a guardian serpent (inner flame) and a
worldbinder (inner flame).

Vanquished Creatures
  A deep elf blademaster (Elf:3)
  A deep elf master archer (Elf:3)
  Donald (Orc:2)
  3 deep elf sorcerers
  A fire giant (D:15)
  A deep elf elementalist (Elf:3)
  4 entropy weavers (Lair:5)
  4 deep elf demonologists
  2 deep elf annihilators
  4 dire elephants (Lair:6)
  The ghost of wazuzu the Archer, a journeyman NaHu of Cheibriados (Lair:3)
  3 deep elf death magi
  An ogre mage (Volcano)
  Fannar (Lair:2)
  Josephine (D:10)
  Erolcha (Orc:1)
  3 deep elf high priests
  4 vault guards (D:14)
  7 hydras
  An anaconda (Lair:6)
  3 ghost crabs (Lair:5)
  4 two-headed ogres (Volcano)
  3 tengu warriors
  12 dancing weapons
  7 death yaks
  Urug (D:12)
  The ghost of Qicau the Black Sun, a novice DsNe of Kikubaaqudgha (Orc:1)
  A thrashing horror (Abyss:3)
  13 deep elf knights
  A hell knight (Volcano)
  7 fire crabs
  A skeletal warrior (D:11)
  An unseen horror (D:15)
  8 deep elf archers
  6 oklob plants
  2 orc sorcerers
  4 orc knights
  An orange crystal statue (Elf:2)
  52 deep elf magi
  A mana viper (shapeshifter) (Elf:1)
  A lindwurm (Lair:6)
  13 ugly things
  A manticore (D:12)
  A centaur zombie (D:12)
  5 black mambas
  Maurice (D:10)
  20 elephants
  An ice statue (Lair:6)
  An apocalypse crab (Lair:5)
  8 spiny frogs
  3 gargoyles
  3 centaur skeletons
  A freezing wraith (D:14)
  8 komodo dragons
  2 efreet
  A rime drake (Lair:5)
  An ice devil (Lair:6)
  A redback zombie (D:15)
  The ghost of XoMute the Magician, a novice DEFE of Xom (D:5)
  A queen bee (Lair:1)
  2 tengu conjurers (D:13)
  12 trolls
  Grinder (D:6)
  A polar bear (Lair:6)
  A tyrant leech (Lair:3)
  7 blink frogs
  A snapping turtle (shapeshifter) (Elf:2)
  5 dream sheep (Lair:5)
  13 slime creatures
  9 hippogriffs
  A spectral black mamba (Lair:3)
  A hippogriff (shapeshifter) (D:15)
  An air elemental (Elf:1)
  A spriggan (shapeshifter) (D:14)
  2 shadows
  4 wyverns
  A spriggan (D:13)
  6 wraiths
  Sigmund (D:4)
  A tarantella (Lair:2)
  A fire bat (D:13)
  3 water elementals
  3 basilisks
  36 yaks
  6 fire elementals
  A steam dragon (D:12)
  3 hungry ghosts
  4 neqoxecs (Orc:1)
  7 vampire mosquitoes
  Edmund (D:4)
  A swamp worm (Lair:3)
  9 water moccasins
  An acid dragon (D:14)
  8 porcupines
  6 wargs
  Duvessa (D:5)
  A hydra simulacrum (Lair:3)
  An eye of draining (D:13)
  4 sky beasts
  11 ice beasts
  3 phantoms
  A necrophage (D:6)
  31 orc warriors
  2 black mamba simulacra (Lair:3)
  5 boggarts
  2 black bears
  17 centaurs
  11 ogres
  11 crocodiles
  2 big kobolds
  14 bullfrogs
  2 wyvern zombies
  A spiny frog simulacrum (Lair:3)
  3 earth elementals
  A wyvern skeleton (D:10)
  7 scorpions
  Dowan (D:5)
  23 killer bees (Lair:1)
  14 wights
  9 howler monkeys
  2 electric eels
  7 crimson imps
  A bullfrog zombie (D:12)
  3 quasits
  2 jellies
  2 komodo dragon simulacra (Lair:3)
  2 bullfrog skeletons (D:13)
  3 hounds
  9 orc priests
  30 orc wizards
  Natasha (thrice) (D:4)
  3 iguanas
  5 hell rats (D:9)
  15 worker ants
  A killer bee zombie (D:10)
  2 hound skeletons
  4 gnolls
  2 worker ant zombies
  11 adders
  A river rat (D:9)
  6 shadow imps
  2 white imps (Lair:6)
  An ooze (D:2)
  An adder zombie (D:6)
  2 adder skeletons
  4 dart slugs
  2 worms (D:5)
  101 orcs
  6 giant cockroaches
  10 goblins
  8 hobgoblins
  10 jackals
  3 quokkas
  A ball python (D:4)
  7 bats
  6 frilled lizards
  19 kobolds
  A quokka zombie (D:2)
  10 rats
  A fire vortex (Lair:2)
  A fungus (Lair:3)
  20 plants
917 creatures vanquished.

Vanquished Creatures (others)
  A dancing weapon (Elf:2)
  2 two-headed ogres (Volcano)
  An orc (Orc:2)
  4 fungi
  A lurking horror (Abyss:3)
  4 plants
13 creatures vanquished.

Grand Total: 930 creatures vanquished

Notes
Turn   | Place    | Note
-------+----------+-------------------------------------------
     0 | D:1      | OnionEater the Gargoyle Earth Elementalist began the quest
                  | for the Orb.
     0 | D:1      | Reached XP level 1. HP: 10/10 MP: 3/3
   143 | D:1      | Reached XP level 2. HP: 9/15 MP: 0/5
   179 | D:1      | Reached skill level 4 in Earth Magic
   894 | D:1      | Reached XP level 3. HP: 16/19 MP: 7/7
   903 | D:1      | Learned a level 3 spell: Stone Arrow
  1196 | D:2      | Found a sacrificial altar of Ru.
  1381 | D:2      | Noticed a sky beast
  1401 | D:2      | Killed a sky beast
  1401 | D:2      | Reached skill level 5 in Earth Magic
  1401 | D:2      | Reached XP level 4. HP: 6/24 MP: 3/9
  1401 | D:2      | Reached XP level 5. HP: 7/28 MP: 3/10
  1423 | D:2      | Learned a level 5 spell: Lee's Rapid Deconstruction
  1703 | D:2      | Found a white marble altar of Elyvilon.
  2905 | D:3      | Reached XP level 6. HP: 29/32 MP: 11/11
  3144 | D:3      | Found a stormy altar of Qazlal.
  3144 | D:3      | Found a blossoming altar of Fedhas.
  3957 | D:4      | Noticed Edmund
  3971 | D:4      | Killed Edmund
  3971 | D:4      | Reached skill level 6 in Earth Magic
  4415 | D:4      | Reached XP level 7. HP: 16/36 MP: 9/13
  4495 | D:4      | Found Goopna Cosie's Jewellery Shoppe.
  4600 | D:4      | Noticed Natasha
  4609 | D:4      | Killed Natasha
  4709 | D:4      | Found an iron altar of Okawaru.
  4710 | D:4      | Found a bloodstained altar of Trog.
  4834 | D:4      | Noticed Natasha
  4835 | D:4      | Killed Natasha
  4868 | D:4      | Noticed Natasha
  4872 | D:4      | Killed Natasha
  5112 | D:4      | Noticed Sigmund
  5134 | D:4      | Killed Sigmund
  5134 | D:4      | Reached skill level 7 in Earth Magic
  5203 | D:4      | Found a shadowy altar of Dithmenos.
  5512 | D:5      | Entered Level 5 of the Dungeon
  5542 | D:5      | Reached skill level 5 in Spellcasting
  5542 | D:5      | Reached XP level 8. HP: 41/41 MP: 8/15
  5547 | D:5      | Reached skill level 5 in Conjurations
  5636 | D:5      | Found a runed translucent door.
  5636 | D:5      | Noticed XoMute's ghost (novice DEFE)
  5746 | D:5      | Found a staircase to the Ecumenical Temple.
  5757 | Temple   | Entered the Ecumenical Temple
  5796 | Temple   | Became a worshipper of Vehumet
  5880 | D:5      | Found a runed translucent door.
  5920 | D:5      | Killed XoMute's ghost
  5920 | D:5      | Reached skill level 8 in Earth Magic
  6082 | D:5      | Noticed Dowan
  6082 | D:5      | Noticed Duvessa
  6094 | D:5      | Killed Dowan
  6101 | D:5      | Killed Duvessa
  6316 | D:6      | Found a hide-covered altar of Uskayaw.
  6331 | D:6      | Found a basalt altar of Yredelemnul.
  6333 | D:6      | Found a glowing golden altar of the Shining One.
  6333 | D:6      | Found a sparkling altar of Nemelex Xobeh.
  6335 | D:6      | Found a shattered altar of Ashenzari.
  6335 | D:6      | Found a hazy altar of Hepliaklqana.
  6464 | D:6      | Gained mutation: You passively map a small area around you.
                  | [potion of mutation]
  6464 | D:6      | Gained mutation: Your muscles are strong. (Str +2) [potion
                  | of mutation]
  6464 | D:6      | Gained mutation: Your natural rate of healing is unusually
                  | fast. [potion of mutation]
  6464 | D:6      | Gained mutation: You passively map the area around you.
                  | [potion of mutation]
  6547 | D:6      | Reached XP level 9. HP: 46/46 MP: 12/18
  6584 | D:6      | Found a blossoming altar of Fedhas.
  6585 | D:6      | Noticed Grinder
  6603 | D:6      | Reached skill level 1 in Fighting
  6603 | D:6      | Reached skill level 1 in Armour
  6613 | D:6      | Reached * piety under Vehumet
  6613 | D:6      | Offered knowledge of Sting by Vehumet.
  6613 | D:6      | Reached skill level 1 in Maces & Flails
  6622 | D:6      | Killed Grinder
  7281 | D:7      | Found a shimmering altar of Xom.
  7323 | D:7      | Reached skill level 9 in Earth Magic
  7592 | D:7      | Found a bloodstained altar of Trog.
  7784 | D:7      | Offered knowledge of Searing Ray by Vehumet.
  7913 | D:7      | Reached XP level 10. HP: 52/56 MP: 16/20
  7938 | D:7      | Found a glowing silver altar of Zin.
  8007 | D:7      | Reached ** piety under Vehumet
  8433 | D:8      | Reached skill level 1 in Evocations
  8812 | D:9      | Found a staircase to the Lair.
  8812 | D:9      | Noticed a death yak
  8836 | D:9      | Identified Cuogecin's Compendium of Fiery Translocation
  8988 | D:9      | Noticed a death yak
  8988 | D:9      | Noticed a death yak
  9329 | D:9      | Offered knowledge of Throw Frost by Vehumet.
  9651 | D:10     | Entered Level 10 of the Dungeon
  9668 | D:9      | Reached *** piety under Vehumet
  9674 | D:9      | Reached skill level 10 in Earth Magic
  9777 | D:10     | Noticed Maurice
  9787 | D:10     | Killed Maurice
  9787 | D:10     | Reached XP level 11. HP: 52/62 MP: 10/22
 10049 | D:10     | Noticed Josephine
 10065 | D:10     | Killed Josephine
 10065 | D:10     | Reached skill level 5 in Armour
 10074 | D:10     | Reached skill level 5 in Fighting
 10099 | D:10     | Offered knowledge of Iskenderun's Mystic Blast by Vehumet.
 10339 | D:10     | Reached **** piety under Vehumet
 10381 | D:10     | Found a staircase to the Orcish Mines.
 10391 | D:10     | Offered knowledge of Venom Bolt by Vehumet.
 10939 | D:11     | Reached skill level 5 in Maces & Flails
 11052 | D:11     | Noticed a red ugly thing
 11059 | D:11     | Killed a red ugly thing
 11062 | D:11     | Found Coom's Gadget Boutique.
 11187 | D:11     | Reached ***** piety under Vehumet
 11203 | D:11     | Learned a level 5 spell: Venom Bolt
 11315 | D:11     | Noticed a skeletal warrior
 11318 | D:11     | Noticed a skeletal warrior
 11318 | D:11     | Noticed a skeletal warrior
 11319 | D:11     | Killed a skeletal warrior
 11488 | D:11     | Offered knowledge of Bolt of Fire by Vehumet.
 11588 | D:11     | Identified a scroll of acquirement
 11817 | D:12     | Noticed a tengu warrior
 11823 | D:12     | Noticed a tengu warrior
 11829 | D:12     | Killed a tengu warrior
 11833 | D:12     | Killed a tengu warrior
 11833 | D:12     | Reached XP level 12. HP: 66/70 MP: 1/24
 11856 | D:12     | Reached skill level 5 in Dodging
 11868 | D:12     | Reached skill level 11 in Earth Magic
 12008 | D:12     | Noticed Urug
 12011 | D:12     | Noticed Rupert
 12013 | D:12     | Killed Urug
 12034 | D:12     | Paralysed by Rupert for 5 turns
 12684 | D:12     | Paralysed by Rupert for 5 turns
 12955 | D:13     | Learned a level 6 spell: Bolt of Fire
 12972 | D:13     | Reached skill level 1 in Fire Magic
 13248 | D:13     | Noticed a tengu warrior
 13253 | D:13     | Killed a tengu warrior
 13460 | D:13     | Reached skill level 5 in Evocations
 13840 | D:13     | Reached XP level 13. HP: 76/76 MP: 12/25
 14360 | D:14     | Found a gate to the Vaults.
 14360 | D:14     | Noticed a vault guard
 14360 | D:14     | Noticed a vault guard
 14360 | D:14     | Noticed a vault guard
 14360 | D:14     | Noticed a vault guard
 14367 | D:14     | Killed a vault guard
 14367 | D:14     | Killed a vault guard
 14367 | D:14     | Killed a vault guard
 14367 | D:14     | Reached skill level 10 in Conjurations
 14367 | D:14     | Offered knowledge of Orb of Destruction by Vehumet.
 14378 | D:14     | Killed a vault guard
 14619 | D:14     | Reached skill level 5 in Fire Magic
 14684 | D:14     | Reached skill level 12 in Earth Magic
 15156 | D:14     | Found a basalt altar of Yredelemnul.
 15158 | D:14     | Found a blossoming altar of Fedhas.
 15158 | D:14     | Found a basalt altar of Yredelemnul.
 15160 | D:14     | Found a hazy altar of Hepliaklqana.
 15160 | D:14     | Found a shimmering altar of Xom.
 15160 | D:14     | Found a white marble altar of Elyvilon.
 15830 | Lair:1   | Entered Level 1 of the Lair of Beasts
 15860 | Lair:1   | Learned a level 7 spell: Orb of Destruction
 16096 | Lair:1   | You fall into a shaft and drop 1 floor!
 16597 | Lair:1   | Gained mutation: Your large and strong wings let you fly
                  | indefinitely. [Gargoyle growth]
 16597 | Lair:1   | Reached XP level 14. HP: 84/84 MP: 13/27
 16610 | Lair:1   | Offered knowledge of Fireball by Vehumet.
 17129 | Lair:2   | Noticed Fannar
 17134 | Lair:2   | Killed Fannar
 17201 | Lair:2   | Found an ornate altar of the Wu Jian Council.
 17725 | Lair:2   | Found a hole to the Spider Nest.
 17783 | Lair:2   | Got an ancient brass amulet
 17784 | Lair:2   | Identified the amulet of Demons {Faith Str-4 Int+6 Stlth+}
                  | (You found it on level 2 of the Lair of Beasts)
 18684 | Lair:2   | Got a crude glass ring
 18685 | Lair:2   | Identified the ring "Itofuz" {rPois rF- Int+3 Dex+4 Stlth+}
                  | (You found it on level 2 of the Lair of Beasts)
 19744 | Lair:3   | Found a runed translucent gate.
 19744 | Lair:3   | Found a runed translucent gate.
 19744 | Lair:3   | Found a runed translucent gate.
 19744 | Lair:3   | Noticed wazuzu's ghost (journeyman NaHu)
 19781 | Lair:3   | Killed wazuzu's ghost
 19793 | Lair:3   | Identified the Tome of Cloudy Stones
 20379 | Lair:3   | Found a staircase to the Swamp.
 21297 | Lair:4   | Offered knowledge of Iron Shot by Vehumet.
 21311 | Lair:4   | Learned a level 6 spell: Iron Shot
 22649 | Lair:5   | Found a staircase to the Slime Pits.
 22897 | Lair:5   | Reached XP level 15. HP: 88/90 MP: 28/28
 22916 | Lair:5   | Reached skill level 13 in Earth Magic
 22943 | Lair:5   | You fall into a shaft and drop 1 floor!
 22943 | Lair:6   | Entered Level 6 of the Lair of Beasts
 23048 | Lair:5   | Found a runed translucent door.
 23317 | Lair:5   | Reached skill level 10 in Spellcasting
 23942 | Lair:5   | Found the +8 whip "Snakebite" {curare, rPois}
 24194 | Lair:5   | You fall into a shaft and drop 1 floor!
 24946 | Lair:6   | Offered knowledge of Bolt of Cold by Vehumet.
 25408 | Lair:6   | Reached skill level 10 in Fighting
 26238 | Lair:6   | Reached skill level 10 in Fire Magic
 26403 | Orc:1    | Entered Level 1 of the Orcish Mines
 26509 | Orc:1    | Found a dark tunnel.
 26514 | Volcano  | Entered a volcano
 26540 | Volcano  | Found a burning altar of Makhleb.
 26762 | Volcano  | Reached XP level 16. HP: 68/97 MP: 8/30
 27027 | Orc:2    | Entered Level 2 of the Orcish Mines
 27496 | Orc:2    | Noticed Donald
 27500 | Orc:2    | Killed Donald
 27678 | Orc:2    | Offered knowledge of Spellforged Servitor by Vehumet.
 27704 | Orc:1    | Found a roughly hewn altar of Beogh.
 27813 | Orc:1    | Found a transporter.
 27818 | Orc:1    | Noticed Qicau's ghost (novice DsNe)
 27842 | Orc:1    | Found a transporter.
 27926 | Orc:1    | Noticed Erolcha
 27931 | Orc:1    | Killed Erolcha
 28221 | Orc:2    | Found Iwnet's Antique Weapon Emporium.
 28221 | Orc:2    | Found Eluef's Antique Armour Boutique.
 28223 | Orc:2    | Found Qaciept's Armour Shop.
 28225 | Orc:2    | Found Icrulail's General Store.
 28231 | Orc:2    | Bought a potion of magic for 104 gold pieces
 28238 | Orc:2    | Bought a glowing helmet for 225 gold pieces
 28238 | Orc:2    | Bought a runed cloak for 225 gold pieces
 28538 | Orc:2    | Found a staircase to the Elven Halls.
 28911 | Orc:1    | Killed Qicau's ghost
 28919 | Orc:1    | Got the ring of Trog's Pride {Dex+3}
 29143 | D:15     | Entered Level 15 of the Dungeon
 29163 | D:15     | Identified Hyx Azai's Handbook of the Oath and Air
 29493 | D:15     | Found a staircase to the Depths.
 30140 | D:15     | Upgraded the game from 0.24-a0-616-ge2a249a6fd to
                  | 0.24-a0-618-ge4662a2d14
 30305 | Elf:1    | Entered Level 1 of the Elven Halls
 30310 | Elf:1    | Reached skill level 14 in Earth Magic
 30486 | Elf:1    | Found Sutoocsa's Armour Shoppe.
 30658 | Elf:1    | Reached skill level 10 in Maces & Flails
 30807 | Elf:1    | Found a radiant altar of Vehumet.
 31816 | Elf:1    | Noticed an Executioner
 31835 | Elf:1    | Reached XP level 17. HP: 97/104 MP: 15/32
 32037 | Elf:2    | Offered knowledge of Poison Arrow by Vehumet.
 32923 | Elf:2    | Found a runed translucent gate.
 32925 | Elf:2    | Found a runed translucent gate.
 32928 | Elf:2    | Found a runed translucent gate.
 33016 | Elf:3    | Entered Level 3 of the Elven Halls
 34492 | Elf:3    | Noticed a Tzitzimitl
 34497 | Elf:3    | Noticed a deep elf blademaster
 34497 | Elf:3    | HP: 5/104 [deep elf death mage/bolt of negative energy
                  | (21)]
 34511 | Elf:3    | Killed a deep elf blademaster
 34660 | Elf:3    | Noticed a deep elf master archer
 34667 | Elf:3    | Killed a deep elf master archer
 34676 | Elf:3    | Cast into level 3 of the Abyss (a deep elf sorcerer)
 34676 | IceCv    | Entered an ice cave
 34687 | Abyss:3  | Noticed a tentacled starspawn
 34702 | Abyss:3  | Noticed a tentacled starspawn
 34710 | Abyss:3  | Reached ****** piety under Vehumet
 34724 | Abyss:3  | Slain by a tentacled starspawn

Levels and vault maps discovered:
D:1:      ncdulo_smallfort, layout_basic, kennysheep_boxes
D:2:      layout_loops_corners, nicolae_ru_the_path_less_chosen,
          lemuel_round_altar, nrook_mini_vaults
D:3:      layout_basic, grunt_temple_overflow_forces_of_nature
D:4:      layout_layer_cave, grunt_temple_overflow_bloody_war, kennysheep_mini,
          first_ration, serial_shops, shop, uniq_edmund, uniq_sigmund,
          uniq_natasha
D:5:      layout_basic, minmay_temple_entry_overgrown, ebering_ghost_sewer_f,
          uniq_duvessa
D:6:      layout_basic, grunt_temple_overflow_open, minmay_ruined_shrine,
          uniq_grinder
D:7:      layout_basic, basic_altar, hangedman_feature_mirror,
          minmay_manual_mess
D:8:      layout_rooms
D:9:      layout_roguey, dpeg_lair_monsters
D:10:     minmay_flawed_box, layout_long_grid, minmay_orc_entry_guard_dogs,
          uniq_maurice, uniq_josephine
D:11:     layout_small_grid, serial_shops, kennysheep_little_box
D:12:     layout_loops_ring, uniq_urug, uniq_rupert
D:13:     layout_loops_corners, the_bakery
D:14:     layout_irregular_city, lightli_vaults_fourway_checkpoint,
          doesnt_xom_only_xom
D:15:     grunt_enter_depths_giant_problem, layout_gridville,
          serial_co_window_serial, co_window_corner_a, co_window_corner_a,
          co_window_paths_a, co_window_corner_a, co_window_paths_a,
          co_window_broadway_b, co_window_broadway_c, co_window_corner_b,
          co_window_broadway_a, glass_columns_b, glass_columns_a,
          glass_columns_b
Temple:   chequers_temple_sunken
Lair:1:   layout_gridlike, special_room [special_room_bee],
          hangedman_lair_generics_rect
Lair:2:   minmay_lair_oklob_tunnel, layout_gridlike, spider_nest_entry_rubble,
          special_room, lemuel_centaur_altar, lemuel_fruit_tree,
          serial_bayou_shore_b, serial_bayou_shore_b, uniq_fannar
Lair:3:   layout_small_grid, minmay_swamp_entry_worms,
          gammafunk_ghost_necromancy, nicolae_lair_grove_arrangements,
          minmay_lair_oklob_chamber, grunt_megastairs_4
Lair:4:   layout_cave_pods, nicolae_quartered_pool_little
Lair:5:   gammafunk_mikee_crab_dinner, layout_regular_city,
          dpeg_slime_entry_corner, minmay_shattered_shrine, grunt_megastairs_3,
          serial_bayou_shore_a
Lair:6:   due_jungle_book, layout_regular_city, minivault_25, ice2_lemuel
Orc:1:    layout_caves, gammafunk_ghost_stat_death,
          nicolae_volcano_entry_s_turn, basic_altar, uniq_erolcha
Orc:2:    st_orc_rangers, layout_caves, uniq_donald
Elf:1:    eino_elf_arrival_the_gate, layout_rooms, serial_shops, shop,
          basic_altar, hangedman_elf_represent
Elf:2:    layout_geoelf_octagon, minivault_15
Elf:3:    minmay_elf_hall_not_hex, layout_geoelf_diagonals,
          minmay_the_grid_square_5x5_3x3_mashed
          [minmay_the_grid_square_5x5_one_wall, minmay_the_grid_square_5x5_v,
          minmay_the_grid_square_5x5_bracketed,
          minmay_the_grid_square_5x5_pentomino_r,
          minmay_the_grid_square_5x5_megaprize_hollow,
          minmay_the_grid_square_5x5_slash, minmay_the_grid_square_5x5_bite,
          minmay_the_grid_square_5x5_almost_minimal,
          minmay_the_grid_square_5x5_hollow_slash]
Abyss:3:  nicolae_abyss_rune_left_handed, abyss_greek_temple

Skill      XL: |  1  2  3  4  5  6  7  8  9 10 11 12 13 14 15 16 17 |
---------------+----------------------------------------------------+-----
Earth Magic    | 4 5 6 7 8 9 10 11 12 13 14 | 14.9
Spellcasting   | 3 4 5 6 7 8 9 10 11 | 11.4
Conjurations   | 2 3 4 6 7 8 9 10 11 12 13 | 13.2
Fighting       | 3 4 6 7 8 9 10 11 | 11.6
Armour         | 3 4 6 |  6.0
Maces & Flails | 2 4 5 6 7 8 9 10 | 10.9
Dodging        | 3 4 5 6 7 8 9 |  9.4
Evocations     | 2 4 5 6 |  6.0
Fire Magic     | 3 6 8 10 11 12 | 12.6
Stealth        | |  2.1
Transmutations | |  0.7

Action                   |  1- 3 |  4- 6 |  7- 9 | 10-12 | 13-15 | 16-18 || total
-------------------------+-------+-------+-------+-------+-------+-------++-------
Melee: Whip              |    86 |   127 |   148 |   343 |   708 |   258 ||  1670
       Unarmed           |    11 |       |       |       |       |       ||    11
       Mace              |       |       |   100 |    21 |       |       ||   121
       Staff             |       |       |       |       |       |     5 ||     5
Throw: Stone             |       |       |       |       |     7 |       ||     7
 Cast: Sandblast         |    10 |    23 |    59 |   231 |   163 |     4 ||   490
       Stone Arrow       |       |     3 |     9 |    46 |    39 |    25 ||   122
       Lee's Rapid Decon |       |       |    11 |    47 |   105 |   116 ||   279
       Venom Bolt        |       |       |       |     2 |       |       ||     2
       Bolt of Fire      |       |       |       |       |    98 |    89 ||   187
       Iron Shot         |       |       |       |       |    21 |    55 ||    76
 Abil: Fly               |       |       |       |       |     1 |       ||     1
Evoke: Wand              |       |       |     4 |     9 |     2 |    14 ||    29
       Fan of gales      |       |       |       |       |     2 |     1 ||     3
       Lightning rod     |       |       |       |       |       |     1 ||     1
  Use: Potion            |     2 |     1 |     3 |     4 |       |    21 ||    31
       Scroll            |     1 |     9 |    10 |    14 |    18 |     9 ||    61
 Stab: Sleeping          |       |     8 |       |     3 |     4 |     1 ||    16
       Paralysed         |       |       |    11 |     3 |     4 |       ||    18
  Eat: Chunk             |     1 |    20 |    16 |    35 |   104 |    84 ||   260
       Ration            |       |       |       |       |     2 |       ||     2
Armor: Robe              |    29 |    42 |   160 |   243 |   351 |   160 ||   985
       Skin              |     2 |       |    19 |       |       |       ||    21
Dodge: Dodged            |    64 |    66 |   198 |   297 |   403 |   249 ||  1277

Table legend:
 A = Non-vault XP
 B = Vault XP
 C = Vault XP percentage of total XP
 D = Non-vault monster count
 E = Vault monster count
 F = Vault count percentage of total count
                 A         B        C        D         E       F
            +---------+---------+-------+---------+---------+-------
      Total |  135746 |   97875 |  41.9 |     640 |     257 |  28.7
            +---------+---------+-------+---------+---------+-------
        D:1 |      42 |       0 |   0.0 |      25 |       0 |   0.0
        D:2 |     275 |       0 |   0.0 |      23 |       0 |   0.0
        D:3 |      46 |       0 |   0.0 |      21 |       0 |   0.0
        D:4 |     306 |     427 |  58.3 |      23 |       4 |  14.8
        D:5 |     480 |     661 |  57.9 |      14 |       8 |  36.4
        D:6 |     478 |     451 |  48.5 |      15 |       4 |  21.1
        D:7 |    1467 |     523 |  26.3 |      22 |       6 |  21.4
        D:8 |     871 |       0 |   0.0 |      13 |       0 |   0.0
        D:9 |    2268 |     462 |  16.9 |      36 |       8 |  18.2
       D:10 |     902 |    3475 |  79.4 |      30 |      18 |  37.5
       D:11 |    4055 |       0 |   0.0 |      30 |       0 |   0.0
       D:12 |    5395 |     851 |  13.6 |      33 |       1 |   2.9
       D:13 |   10828 |     215 |   1.9 |      60 |       1 |   1.6
       D:14 |    9318 |    5928 |  38.9 |      34 |      12 |  26.1
       D:15 |    4690 |    1696 |  26.6 |      10 |       1 |   9.1
     Lair:1 |    3671 |    3694 |  50.2 |      17 |      30 |  63.8
     Lair:2 |    3321 |    5552 |  62.6 |      12 |      14 |  53.8
     Lair:3 |    5821 |    4527 |  43.7 |       9 |      15 |  62.5
     Lair:4 |    3655 |       0 |   0.0 |      15 |       0 |   0.0
     Lair:5 |    4828 |   17267 |  78.1 |      18 |      25 |  58.1
     Lair:6 |   16698 |    4826 |  22.4 |      32 |      16 |  33.3
      Orc:1 |    3292 |    2809 |  46.0 |      37 |       9 |  19.6
      Orc:2 |    2197 |    6212 |  73.9 |      29 |      37 |  56.1
      Elf:1 |   24946 |    7965 |  24.2 |      39 |      12 |  23.5
      Elf:2 |   16819 |    3833 |  18.6 |      28 |       5 |  15.2
      Elf:3 |    8858 |   20073 |  69.4 |      14 |      23 |  62.2
    Abyss:3 |     219 |     817 |  78.9 |       1 |       1 |  50.0
    Volcano |       0 |    5611 | 100.0 |       0 |       7 | 100.0
            +---------+---------+-------+---------+---------+-------
